AoeStats
← ShrewdPuma2853

Black Forest

510010318Analyzed
3v3 RM · 2d ago on Sep 29, 2026· 42m 10s· 6 players
Game mode
Random Map
Map size
Normal (6 player)
Population
200
Speed
Normal
Resources
Standard
Victory
Conquest
Starting age
Dark Age
Ending age
Imperial Age
RankedLock teamsTeams togetherTeam positionsShared explorationLock speedFull tech treeHidden civsTurbo modeCheats
Victory
Defeat
749
+13
🇨🇴 Italians · Colombia
743
+14
🇨🇴 Vietnamese · Colombia
701
+15
🇦🇷 Byzantines · Argentina
774
-45
🇦🇷 Khmer · Argentina
661
-25
🇦🇷 Khmer · Argentina
643
-22
DolphinPizza
0:33 Loom
14:04 Feudal Age
14:34 Man-at-Arms
20:01 Castle Age
18:22 Forging
19:22 Double-Bit Axe
19:32 Horse Collar
22:29 Stone Mining
27:20 Bow Saw
31:37 Heavy Plow
36:32 Imperial Age
34:40 Wheelbarrow
33:58 Fletching
34:47 Elite Skirmisher
36:03 Hand Cart
37:16 Thumb Ring
38:07 Gold Mining
38:53 Stone Shaft Mining
38:05 Imperial Skirmisher
40:20 Two-Man Saw
39:57 Bodkin Arrow
40:03 Padded Archer Armor
40:54 Onager
41:14 Capped Ram
42:03 Chatras
42:24 Paper Money
42:47 Leather Archer Armor
42:32 Bracer
Arcanine1220
0:29 Loom
13:05 Feudal Age
15:16 Fishing Lines
24:21 Castle Age
22:57 Wheelbarrow
22:48 Double-Bit Axe
23:51 Gold Mining
23:50 Horse Collar
27:07 Caravan
28:28 Stone Mining
29:07 Hand Cart
29:10 Gillnets
30:18 Stone Shaft Mining
31:56 Coinage
34:05 Heavy Plow
34:21 Bow Saw
34:01 Town Watch
37:48 Imperial Age
35:19 Town Patrol
34:53 Man-at-Arms
35:34 Squires
35:20 Arson
35:53 Fletching
36:03 Padded Archer Armor
36:15 Forging
36:06 Scale Mail Armor
38:05 Silk Road
37:46 Long Swordsman
38:00 Onager
38:06 Capped Ram
39:17 Conscription
39:22 Leather Archer Armor
39:03 Bodkin Arrow
39:44 Guilds
40:05 Banking
39:00 Two-Handed Swordsman
40:08 Elite Genoese Crossbowman
42:30 Chemistry
41:51 Ballistics
41:12 Treadmill Crane
41:43 Masonry
41:44 Fortified Wall
42:44 Ring Archer Armor
42:14 Bracer
少年强则少女扶墙
1:32 Loom
13:11 Feudal Age
13:15 Man-at-Arms
17:05 Horse Collar
17:13 Double-Bit Axe
20:07 Castle Age
24:18 Bow Saw
25:26 Wheelbarrow
25:08 Heavy Plow
26:00 Crossbowman
28:09 Hand Cart
28:32 Gold Mining
28:33 Stone Mining
30:53 Stone Shaft Mining
30:53 Gold Shaft Mining
30:13 Fletching
34:16 Imperial Age
32:09 Town Watch
33:53 Scale Mail Armor
34:06 Long Swordsman
35:09 Furor Celtica
36:32 Onager
38:10 Conscription
40:05 Siege Onager
BetterPlay87
12:40 Feudal Age
16:51 Double-Bit Axe
16:59 Gold Mining
22:22 Wheelbarrow
25:48 Castle Age
27:24 Stone Mining
36:43 Tusk Swords
37:53 Hand Cart
40:29 Hand Cart
Coldsanti64
5:27 Loom
13:22 Feudal Age
16:07 Wheelbarrow
15:18 Town Watch
17:29 Horse Collar
18:18 Town Watch
20:18 Double-Bit Axe
22:19 Gold Mining
25:22 Castle Age
25:59 Stone Mining
26:56 Coinage
29:47 Hand Cart
33:43 Gold Shaft Mining
36:14 Town Patrol
37:20 Padded Archer Armor
37:59 Bow Saw
39:24 Heavy Plow
ShrewdPuma2853
0:43 Loom
13:11 Feudal Age
17:49 Wheelbarrow
26:43 Horse Collar
31:05 Castle Age
34:10 Scale Barding Armor
35:52 Husbandry
Connection lost

Rejoining the realm…

Still unreachable

The connection could not be restored.

Session expired

The server has moved on; the page needs a fresh start.